 Dungeon Crawl Stone Soup version 0.30.0-17-ge0270778cf (webtiles) character file.

Game seed: 9160216778707780686

100 cheesebisquit the Cudgeller (level 4, 0/38 HPs)
             Began as an Armataur Warper on May 22, 2023.
             Slain by a cerulean imp
             ... wielding a +0 spear
             ... summoned by Natasha
              (5 damage)
             ... on level 2 of the Dungeon.
             The game lasted 00:05:27 (1520 turns).

cheesebisquit the Cudgeller (Armataur Warper)       Turns: 1520, Time: 00:05:28

Health: 0/38       AC:  4    Str: 16    XL:     4   Next: 46%
Magic:  6/6        EV:  9    Int: 15    God:
Gold:   125        SH:  5    Dex: 10    Spells: 6/6 levels left

rFire   . . .        a - +0 mace
rCold   . . .        (no shield)
rNeg    . . .        b - +0 leather armour
rPois   .            (no helmet)
rElec   .            (no cloak)
rCorr   .            (no gloves)
SInv    .            (no barding)
Will    .....        j - amulet of reflection
Stlth   +            h - ring of flight
HPRegen 0.26/turn    (no ring)
MPRegen 0.10/turn

%: reflection, roll
@: flying
A: large, rugged brown scales 3, deformed body, armoured tail, roll, long
tongue, awkward tongue
a: no special abilities


You were on level 2 of the Dungeon.
You visited 1 branch of the dungeon, and saw 2 of its levels.

You collected 125 gold pieces.

Inventory:

Hand Weapons
 a - a +0 mace (weapon)
Missiles
 d - 7 boomerangs of dispersal (quivered)
 g - 5 atropa-tipped darts
Armour
 b - a +0 leather armour (worn)
Jewellery
 h - a ring of flight (left hand)
 j - an amulet of reflection (around neck)
Scrolls
 c - a scroll of blinking
 e - 5 scrolls of identify {unknown}
 f - 2 scrolls of teleportation {unknown}
Potions
 i - a potion of heal wounds {unknown}
 k - a potion of curing {unknown}


   Skills:
 - Level 1.8 Fighting
 + Level 4.1 Maces & Flails
 - Level 1.0 Throwing
 - Level 1.3 Armour
 - Level 1.4 Dodging
 - Level 1.8 Spellcasting
 - Level 3.0 Translocations


You had 6 spell levels left.
You didn't know any spells.
Your spell library contained the following spells:

 Spells                   Type           Power      Damage    Failure   Level
 Blink                    Tloc           20%        N/A       12%         2
 Lesser Beckoning         Tloc           20%        N/A       12%         2
 Teleport Other           Tloc           10%        N/A       24%         3
 Vhi's Electric Charge    Tloc/Air       10%        N/A       41%         3
 Manifold Assault         Tloc           10%        N/A       61%         4


Dungeon Overview and Level Annotations

Branches:
Dungeon (2/15)

Altars:
Ru

Annotations:
D:2 Natasha


Innate Abilities, Weirdness & Mutations

You are completely covered in rugged brown scales. (AC +3, +7% HP)
Armour fits poorly on your strangely shaped body.
You have a long armoured tail.
You roll when moving toward enemies. (Rampage)
Your long tongue fully drains potion bottles. (2x potion effects)
Your tongue gives you trouble enunciating. (1.5x scroll delay)


Message History

There is a stone staircase leading down here.
k - an orange potion
There is a stone staircase leading down here.
c - 2 scrolls of blinking (gained 1)
There is a stone staircase leading down here.
Natasha, Servant of Life and Death comes into view.
Natasha hisses angrily.
Natasha stares at you and mumbles some strange words.
The magic dart hits you!
You roll towards Natasha!
Natasha mumbles some strange words.
You feel troubled. Natasha claws you but does no damage.
You hit Natasha.
Your tail-slap misses Natasha.
Natasha is moderately wounded.
Natasha casts a spell at you. You resist with some effort.
You closely miss Natasha.
Natasha is moderately wounded.
Natasha claws you.
You hit Natasha.
Natasha is heavily wounded.
Natasha claws you.
You barely miss Natasha.
Natasha is heavily wounded.
Natasha mumbles some strange words.
You barely miss Natasha.
Natasha is heavily wounded.
Natasha casts a spell at you. The magic dart hits you!
You block the cerulean imp's attack. Natasha claws you but does no damage.
Okay, then.
Blink to where?
Press: ? - help, Dir - move target As you slowly read the scroll of blinking, it crumbles to dust.
Natasha stares at you and mumbles some strange words.
The magic dart hits you!
* * * LOW HITPOINT WARNING * * *
The cerulean imp hits you from afar with a +0 spear.
You die...

#.........##.#
#######......[##.#
......>.....#.##.#
#########..##.##.#
#..#.....####
#..#.....§h.#
#..#.####.5.....#
#..#.####.#.###.#
#.......@.#.#
##########.#.######
# #........†.#.#
#.########## # #.#
#.# #.# #.# #.#


You could see Natasha and a cerulean imp (summoned).

Vanquished Creatures
  Jessica (D:2)
  Natasha (D:2)
  An adder (D:2)
  A worm (D:2)
  2 dart slugs
  2 endoplasms
  2 giant cockroaches (D:1)
  4 hobgoblins
  3 kobolds (D:1)
  2 quokkas
  2 ball pythons
  2 bats
  5 frilled lizards (D:1)
  4 goblins
  2 rats (D:1)
34 creatures vanquished.

Notes
Turn   | Place    | Note
-------+----------+-------------------------------------------
     0 | D:1      | cheesebisquit the Armataur Warper began the quest for the
                  | Orb.
     0 | D:1      | Reached XP level 1. HP: 18/18 MP: 3/3
    89 | D:1      | Reached skill level 1 in Throwing
   272 | D:1      | Reached skill level 2 in Maces & Flails
   513 | D:1      | Reached XP level 2. HP: 20/25 MP: 4/4
  1014 | D:2      | Noticed Jessica
  1026 | D:2      | Reached XP level 3. HP: 18/31 MP: 5/5
  1029 | D:2      | Killed Jessica
  1030 | D:2      | Reached skill level 3 in Maces & Flails
  1131 | D:2      | Found a sacrificial altar of Ru.
  1141 | D:2      | Reached XP level 4. HP: 27/38 MP: 6/6
  1268 | D:2      | Noticed Natasha
  1279 | D:2      | Killed Natasha
  1280 | D:2      | Reached skill level 4 in Maces & Flails
  1511 | D:2      | Noticed Natasha
  1520 | D:2      | Slain by a cerulean imp

Illustrated notes

Levels and vault maps discovered:
D:1:      psy_arrival_spokes, layout_loops_corners, serial_bayou_pond_d,
          hex_tiny, minmay_fountain_box, feat_on_display
D:2:      layout_loops_ring, basic_altar, uniq_natasha, uniq_jessica

Skill      XL: |  1  2  3  4 |
---------------+-------------+-----
Throwing       | 1 |  1.0
Maces & Flails | 2 3 4 |  4.1
Fighting       | |  1.8
Armour         | |  1.3
Dodging        | |  1.4
Spellcasting   | |  1.8
Translocations | |  3.0

Action                     |  1- 3 |  4- 6 || total
---------------------------+-------+-------++-------
  Melee: Mace              |    86 |    25 ||   111
         Tailslap          |     6 |     4 ||    10
    Use: Scroll            |       |     1 ||     1
 Armour: Leather armour    |    24 |     3 ||    27
  Dodge: Dodged            |    35 |    10 ||    45
  Block: Other             |       |     1 ||     1
